 Dungeon Crawl Stone Soup version 0.28.0-53-g5a82cb258f (webtiles) character file.

Game seed: 4850736621743659479

106 SanguineChosen the Chopper (level 4, -6/40 (41) HPs)
             Began as a Minotaur Berserker on July 28, 2022.
             Was a Believer of Trog.
             Mangled by a killer bee (7 damage)
             ... on level 3 of the Dungeon.
             The game lasted 00:12:17 (3264 turns).

SanguineChosen the Chopper (Minotaur Berserker)     Turns: 3264, Time: 00:12:17

HP:   -6/40 (41)    AC: 11    Str: 23    XL:     4   Next: 55%
MP:   3/3           EV:  8    Int:  4    God:    Trog [**....]
Gold: 92            SH:  5    Dex: 10    Spells: 3/3 levels left

rFire   . . .      SeeInvis +   i - +0 war axe
rCold   . . .      Faith    .   (no shield)
rNeg    . . .      Spirit   .   f - +0 chain mail
rPois   .          Reflect  +   (helmet restricted)
rElec   .          Harm     .   j - +1 cloak
rCorr   .          Rampage  .   (no gloves)
Will    .....                   (no boots)
Stlth   ..........              b - amulet of reflection
HPRegen 0.13/turn               k - ring of see invisible
MPRegen 0.08/turn               (no ring)

@: lethally poisoned (-6 -> -13), lightly drained
A: horns 2, retaliatory headbutt
a: Renounce Religion, Berserk, Trog's Hand


You were on level 3 of the Dungeon.
You worshipped Trog.
Trog was pleased with you.
You visited 1 branch of the dungeon, and saw 4 of its levels.

You collected 92 gold pieces.

Inventory:

Hand Weapons
 a - a +0 hand axe
 h - a +0 morningstar of draining
 i - a +0 war axe (weapon)
Armour
 f - a +0 chain mail (worn)
 j - a +1 cloak (worn)
Jewellery
 b - an amulet of reflection (around neck)
 e - a +6 ring of intelligence
 k - a ring of see invisible (left hand)
Wands
 l - a wand of flame (26)
Scrolls
 d - a scroll of enchant armour
 g - a scroll of identify {unknown}


   Skills:
 + Level 4.5 Fighting
 + Level 5.3 Axes
 + Level 2.9 Armour
 + Level 2.4 Dodging
 - Level 0.3 Stealth


You had 3 spell levels left.
You didn't know any spells.
Your spell library was empty.

Dungeon Overview and Level Annotations

Branches:
Dungeon (4/15)
 Temple: D:4-7

Altars:
Elyvilon
Uskayaw

Shops:
D:1 [


Innate Abilities, Weirdness & Mutations

You have a pair of horns on your head.
You reflexively headbutt those who attack you in melee.


Message History

* * * LOW HITPOINT WARNING * * *
You block the killer bee's attack. The killer bee barely misses you. x2
The killer bee stings you but does no damage.
The killer bee closely misses you. You furiously retaliate!
You headbutt the killer bee.
You climb upwards.
There is a stone staircase leading down here.
You feel better.
The killer bee stings you but does no damage.
You block the killer bee's attack.
You completely miss the killer bee.
The killer bee is lightly wounded.
You miss the killer bee. The killer bee closely misses you.
You block the killer bee's attack. The killer bee closely misses you.
You block the killer bee's attack.
You barely miss the killer bee. You headbutt the killer bee.
The killer bee is heavily wounded.
You miss the killer bee. You block the killer bee's attack.
The killer bee stings you but does no damage. x2
The killer bee stings you.
* * * LOW HITPOINT WARNING * * *
The killer bee stings you.
* * * LOW HITPOINT WARNING * * *
The killer bee barely misses you.
You closely miss the killer bee.
The killer bee is heavily wounded.
You hit the killer bee. The killer bee stings you.
* * * LOW HITPOINT WARNING * * *
You are lethally poisoned!
The killer bee poisons you!
The killer bee stings you but does no damage.
You block the killer bee's attack.
The killer bee stings you but does no damage.
As you read the scroll labelled DIAXKE NOUFA, it crumbles to dust.
It is a scroll of enchant armour.
Your +0 cloak glows green for a moment.
* * * LOW HITPOINT WARNING * * *
You feel very sick. The killer bee closely misses you.
The killer bee stings you!
You die...

.#.##.#..#####.....#
.._...#............#
##.#####...........#
....# #######.....#
#.### #.....# #.#
#.#.### #.# #.[.#
#.# ###y# #.# #@#
#.# #y### ..# #y..#
### #.#.# #.#.#
##############.#.#
#................#
#.############.###
#.# #........#


You could see 3 killer bees.

Vanquished Creatures
  An orc priest (D:3)
  A gnoll (D:1)
  An adder (D:2)
  A worm (D:3)
  A dart slug (D:2)
  2 orcs (D:3)
  4 endoplasms
  3 giant cockroaches
  9 hobgoblins
  4 quokkas
  7 ball pythons
  6 bats
  2 frilled lizards
  3 goblins
  4 kobolds
  2 rats
51 creatures vanquished.

Notes
Turn   | Place    | Note
-------+----------+-------------------------------------------
     0 | D:1      | SanguineChosen the Minotaur Berserker began the quest for
                  | the Orb.
     0 | D:1      | Reached XP level 1. HP: 19/19 MP: 0/0
   375 | D:1      | Reached XP level 2. HP: 27/27 MP: 1/1
   395 | D:1      | Reached skill level 4 in Axes
   935 | D:1      | Reached XP level 3. HP: 33/33 MP: 2/2
   960 | D:1      | Found Kuethrul's Armour Shoppe.
  1324 | D:2      | Found a hide-covered altar of Uskayaw.
  1531 | D:2      | Reached ** piety under Trog
  1691 | D:2      | Identified the +8 short sword "Siawn" {drain, Dex+4}
  2148 | D:3      | Reached skill level 5 in Axes
  2148 | D:3      | Reached XP level 4. HP: 10/41 MP: 3/3
  2843 | D:3      | Found a white marble altar of Elyvilon.
  3257 | D:4      | Noticed a scorpion
  3264 | D:3      | HP: 1/40 [poisoned by a killer bee]
  3264 | D:3      | Mangled by a killer bee

Illustrated notes

Levels and vault maps discovered:
D:1:      evilmike_arrival_crescent, layout_loops_corners, serial_shops, shop,
          chequers_garden
D:2:      layout_loops_ring, basic_altar
D:3:      layout_loops_ring, lemuel_crystal_altar
D:4:      layout_basic, nicolae_elevator_lobby_asterisk

Skill      XL: |  1  2  3 |
---------------+----------+-----
Fighting       | 4 |  4.5
Axes           | 4 5 |  5.3
Armour         | |  2.9
Dodging        | |  2.4
Stealth        | |  0.3

Action                   |  1- 3 |  4- 6 || total
-------------------------+-------+-------++-------
Melee: Hand axe          |   109 |    17 ||   126
       Headbutt          |    11 |     5 ||    16
       War axe           |       |     7 ||     7
  Use: Potion            |     1 |     1 ||     2
       Scroll            |     1 |     1 ||     2
Armor: Animal skin       |    10 |       ||    10
       Chain mail        |     4 |    19 ||    23
Dodge: Dodged            |    46 |    14 ||    60
Block: Other             |       |     8 ||     8
